 Dungeon Crawl Stone Soup version 0.27-a0-1202-ge72e49191c (webtiles) character file.

Game seed: 18117660203007453050

991 sanka the Magician (level 8, -2/56 HPs)
             Began as a Djinni Artificer on June 4, 2021.
             Was an Initiate of Makhleb.
             Slain by a wight
             ... wielding a +0 mace
              (11 damage)
             ... on level 6 of the Dungeon.
             The game lasted 00:14:11 (6684 turns).

sanka the Magician (Djinni Artificer)               Turns: 6684, Time: 00:14:12

Health: -2/56      AC:  8    Str: 11    XL:     8   Next: 41%
Gold:   213        EV: 10    Int: 21    God:    Makhleb [......] SH:  0 Dex: 14

rFire    + + .     SeeInvis .   y - +0 war axe
rCold    x . .     Faith    .   (no shield)
rNeg     . . .     Spirit   .   p - +2 ring mail {rPois}
rPois    ∞         Reflect  .   s - +0 helmet
rElec    .         Harm     .   (no cloak)
rCorr    .         Rampage  .   (no gloves)
Will     .....                  (boots unavailable)
Stlth    +.........             (no amulet)
HPRegen  0.18/turn              k - +6 ring of intelligence
MPRegen  0.00/turn              l - +4 ring of slaying

@: flying
A: sickness immunity, fire resistance 2, cold vulnerability 1, float, innate
caster, hp casting, extra vitality 1
a: Renounce Religion


You were on level 6 of the Dungeon.
You worshipped Makhleb.
Makhleb was noncommittal.
You visited 2 branches of the dungeon, and saw 7 of its levels.
You also visited: Sewer.

You collected 291 gold pieces.
You spent 78 gold pieces at shops.


Innate Abilities, Weirdness & Mutations

You are immune to sickness and miasma.
You are immune to poison.
Your flesh is very heat resistant. (rF++)
You are vulnerable to cold. (rC-)
You float through the air rather than walking.
You learn spells naturally, not from books.
Your magical power is your life essence.
You have superior vitality. (+4 HP)


   Skills:
 - Level 3.0 Fighting
 - Level 1.0 Armour
 - Level 2.1 Dodging
 - Level 0.7 Stealth
 + Level 6.5 Spellcasting
 - Level 3.0 Evocations


You had 15 spell levels left.
You knew the following spells:

 Your Spells              Type           Power      Damage    Failure   Level
y - Poisonous Vapours     Pois/Air       68%        N/A       2%          2
z - Freeze                Ice            100%       1d11      1%          1
Z - Corpse Rot            Necr/Air       N/A        N/A       2%          2
Your spell library was empty.

Inventory:

Hand Weapons
 a - a +0 club
 m - a +0 short sword
 x - a +2 dagger of distortion
 y - a +0 war axe (weapon)
Missiles
 v - 14 poisoned darts
Armour
 b - a +0 leather armour
 p - a +2 ring mail of poison resistance (worn)
 s - a +0 helmet (worn)
Jewellery
 g - a ring of protection from cold
 h - a ring of protection from cold
 k - a +6 ring of intelligence (left hand)
 l - a +4 ring of slaying (right hand)
 r - a ring of positive energy
Wands
 c - a wand of flame (18) (quivered)
 d - a wand of charming (14)
 i - a wand of paralysis (9)
Scrolls
 f - 5 scrolls of teleportation {@r4}
 u - a scroll of holy word {unknown}
 z - 2 scrolls of blinking
 B - 2 scrolls of fog
 C - a scroll of magic mapping
 D - a scroll of fear
 G - a scroll of brand weapon {unknown}
Potions
 j - 10 potions of curing {@q1}
 n - 3 potions of brilliance {unknown}
 o - 2 potions of lignification {unknown}
 q - a potion of cancellation {unknown}
 t - a potion of attraction {unknown}
 w - 7 potions of heal wounds {unknown}
 A - a potion of magic {unknown}
 E - a potion of haste {unknown}
 F - 2 potions of berserk rage {unknown}
Miscellaneous
 e - a piece from Xom's chessboard (14/15)

Dungeon Overview and Level Annotations

Branches:
Dungeon (6/15)             Temple (1/1) D:5           Sewer (visited)

Altars:
Ashenzari
Cheibriados
Dithmenos
Fedhas
Gozag
Makhleb
Nemelex Xobeh
Okawaru
Qazlal
Sif Muna
Trog
Uskayaw
Vehumet
Wu Jian
Xom

Shops:
D:1 *   D:2 ( D:5

* ......▒...........▒ ▒.▒
......▒...........▒ ▒.▒
......▒...........▒ ▒.▒
......'........>..▒▒▒▒▒.▒
▒▒....▒...........▒.....▒
▒▒▒▒▒▒......▒▒▒▒▒▒.▒▒▒▒▒
▒......▒ ▒.▒
▒▒▒▒▒▒▒▒▒▒▒▒▒▒▒▒▒▒▒.▒
..........z)).zzR...▒
..........▒▒▒▒▒▒▒▒▒▒▒
..£.......▒ ..........▒
.......).o▒ ..........▒
..........▒ ..........▒
...........


You could see 3 wights.


Message History

A wight comes into view.
It is wielding a +0 mace and wearing a +1 robe of cold resistance.
The wight closely misses you.
You closely miss the wight.
The wight is lightly damaged.
The wight hits you with a +4 long sword.
* * * LOW HITPOINT WARNING * * *
The wight closely misses you.
You hit the wight.
The wight is moderately damaged.
The wight barely misses you.
You slash the wight!
The wight is almost destroyed.
The wight hits you with a +4 long sword!
* * * LOW HITPOINT WARNING * * *
The wight barely misses you.
You hit the wight.
The wight is almost destroyed.
A wight comes into view. It is wielding a +1 flail.
The wight moves out of view.
You hit the wight but do no damage. The wight hits you with a +0 mace.
* * * LOW HITPOINT WARNING * * *
Aiming: Charm
Aim: a wight, wielding a +0 mace and wearing a +1 robe of cold resistance (chance to affect: 54%)
The wight resists with significant effort.
The wight barely misses you.
You make a move on Xom's chessboard...
The wight seems to grow stronger.
The wight hits you with a +0 mace!
You die...

Action                   |  1- 3 |  4- 6 |  7- 9 || total
-------------------------+-------+-------+-------++-------
Melee: Club              |    70 |       |       ||    70
       Short sword       |    58 |    95 |   122 ||   275
       War axe           |       |       |    18 ||    18
 Cast: Freeze            |       |    21 |    32 ||    53
       Poisonous Vapours |       |    10 |    13 ||    23
Evoke: Wand              |       |       |     5 ||     5
       Piece from Xom's  |       |       |     1 ||     1
  Use: Scroll            |       |       |     7 ||     7
Armor: Leather armour    |    44 |       |       ||    44
       Ring mail         |    14 |    61 |    89 ||   164
Dodge: Dodged            |    68 |    73 |   109 ||   250

Levels and vault maps discovered:
D:1:      scummos_arrival_gate, layout_rooms, serial_shops,
          nicolae_shop_temple_entry_statues_fountains
D:2:      layout_loops_ring, shapermc_ecumenical_altar_mp_ritualfount,
          serial_shops, shop_statue, chequers_avenue, kennysheep_nub
D:3:      layout_basic, nicolae_overflow_hidden_temple, uniq_robin
D:4:      layout_rooms, lemuel_doored_altar, cheibrodos_sewer_entry_sluice,
          corexii_checkpoint_a
D:5:      layout_rooms, minmay_temple_entry_crystal_x, serial_shops, shop
D:6:      layout_basic, serial_shops, shop, sword_in_stone, uniq_eustachio
Temple:   minmay_temple_forest_path

Notes
Turn   | Place    | Note
-------+----------+-------------------------------------------
     0 | D:1      | sanka the Djinni Artificer began the quest for the Orb.
     0 | D:1      | Reached XP level 1. HP: 17/17 MP: 0/0
   113 | D:1      | Found Nusaturr's General Store.
   286 | D:1      | Reached XP level 2. HP: 21/23 MP: 0/0
   338 | D:1      | HP: 2/23 [kobold/+0 dagger (3)]
   341 | D:1      | Reached skill level 2 in Fighting
  1225 | D:2      | Reached skill level 3 in Fighting
  1225 | D:2      | Reached XP level 3. HP: 24/30 MP: 0/0
  1225 | D:2      | Learned a level 1 spell: Freeze
  1312 | D:2      | Found a faded altar of an unknown god.
  1662 | D:2      | Found Wuiteob's Weapon Shop.
  2139 | D:3      | Noticed Robin
  2142 | D:3      | Reached skill level 1 in Spellcasting
  2156 | D:3      | Noticed a scorpion
  2164 | D:2      | Reached XP level 4. HP: 28/35 MP: 0/0
  2312 | D:3      | Found a snail-covered altar of Cheibriados.
  2362 | D:3      | Killed a scorpion
  2363 | D:3      | Reached skill level 2 in Spellcasting
  2363 | D:3      | Reached XP level 5. HP: 17/40 MP: 0/0
  2363 | D:3      | Learned a level 2 spell: Poisonous Vapours
  2459 | D:3      | Killed Robin
  2722 | D:3      | Found an iron altar of Okawaru.
  2850 | D:3      | Reached skill level 3 in Spellcasting
  3496 | D:4      | Noticed a black bear
  3522 | D:4      | Killed a black bear
  3523 | D:4      | Reached XP level 6. HP: 29/46 MP: 0/0
  3541 | D:4      | Reached skill level 4 in Spellcasting
  3647 | D:4      | Found a shimmering altar of Xom.
  3704 | D:4      | Found a glowing drain.
  3808 | Sewer    | Entered a sewer
  3920 | Sewer    | Reached XP level 7. HP: 31/50 MP: 0/0
  3920 | Sewer    | Learned a level 2 spell: Corpse Rot
  4392 | Sewer    | Reached skill level 5 in Spellcasting
  4975 | D:5      | Entered Level 5 of the Dungeon
  5165 | D:1      | Bought 2 potions of curing for 78 gold pieces
  5294 | D:5      | Reached XP level 8. HP: 56/56 MP: 0/0
  5536 | D:5      | Reached skill level 6 in Spellcasting
  5554 | D:5      | Found Syobre's Assorted Antiques.
  5919 | D:5      | Found a staircase to the Ecumenical Temple.
  5928 | Temple   | Entered the Ecumenical Temple
  6342 | Temple   | Became a worshipper of Makhleb the Destroyer
  6684 | D:6      | Slain by a wight

Vanquished Creatures
  A black bear (D:4)
  An ice beast (D:5)
  An ogre (D:5)
  2 bullfrogs (Sewer)
  A scorpion (D:3)
  A jelly (D:5)
  A hound (D:5)
  2 bullfrog skeletons (D:5)
  3 iguanas
  3 orc wizards
  A hound zombie (D:5)
  A hound skeleton (D:4)
  Robin (D:3)
  A howler monkey skeleton (D:4)
  5 adders
  5 river rats (Sewer)
  A white imp (D:6)
  An ufetubus (D:5)
  2 dart slugs
  12 orcs
  3 endoplasms
  3 giant cockroaches
  18 goblins
  6 hobgoblins
  2 jackals (D:2)
  3 kobolds
  A quokka (D:5)
  21 ball pythons
  6 bats
  4 frilled lizards
  25 rats
138 creatures vanquished.

Vanquished Creatures (others)
  A fungus (D:2)
1 creature vanquished.

Grand Total: 139 creatures vanquished
